 Dungeon Crawl Stone Soup version 0.25.0-33-gff14898491 (console) character file.

Game seed: 5007358745648106302

177 Colgate the Covert (level 5, -5/26 HPs)
             Began as a Vine Stalker Assassin on July 6, 2020.
             Slain by an iguana (8 damage)
             ... on level 4 of the Dungeon.
             The game lasted 00:32:57 (2896 turns).

Colgate the Covert (Vine Stalker Assassin)          Turns: 2896, Time: 00:32:58

Health: -5/26      AC:  5    Str: 14    XL:     5   Next: 57%
Magic:  0/6        EV: 11    Int: 11    God:
Gold:   103        SH:  0    Dex: 22    Spells: 4/4 levels left

rFire    . . .     SeeInvis .   a - +2 dagger
rCold    . . .     Gourm    .   (no shield)
rNeg     . . .     Faith    .   C - +0 leather armour
rPois    .         Spirit   +   (no helmet)
rElec    .         Reflect  .   v - +1 cloak
rCorr    .         Harm     .   (no gloves)
MR       .....                  (no boots)
Stlth    ++++......             A - amulet of regeneration
HPRegen  0.88/turn              c - +6 ring of dexterity
MPRegen  0.10/turn              (no ring)

@: no status effects
A: fangs 2, regeneration 1, magic shield, antimagic bite, no potion heal 3, rot
immunity
a: no special abilities


You were on level 4 of the Dungeon.
You were not hungry.

You visited 1 branch of the dungeon, and saw 4 of its levels.

You collected 193 gold pieces.
You spent 90 gold pieces at shops.

Inventory:

Hand Weapons
 a - a +2 dagger (weapon)
 p - a +0 hunting sling
Missiles
 d - 2 poisoned darts (quivered)
 e - a curare-tipped dart
 i - 122 stones
 m - 77 arrows
 o - 32 sling bullets
 q - 42 bolts
Armour
 b - a +0 ring mail
 v - a +1 cloak (worn)
 C - a +0 leather armour (worn)
Jewellery
 c - a +6 ring of dexterity (left hand)
 A - an amulet of regeneration (around neck)
Scrolls
 g - 4 scrolls of identify {unknown}
 k - 4 scrolls of remove curse {unknown}
 s - a scroll of magic mapping {unknown}
 w - a scroll of fear {unknown}
 x - a scroll of blinking {unknown}
 y - a scroll of enchant weapon {unknown}
 z - a scroll of amnesia {unknown}
Potions
 h - a potion of stabbing {unknown}
 l - a potion of curing
 n - 2 potions of lignification {unknown}
 r - a potion of mutation {unknown}
 u - a potion of magic {unknown}
 B - a potion of brilliance {unknown}
Comestibles
 f - 7 rations
 j - 3 chunks of flesh


   Skills:
 - Level 1.7 Fighting
 - Level 2.0 Short Blades
 - Level 2.0 Throwing
 - Level 0.7 Dodging
 + Level 8.3 Stealth


You had 4 spell levels left.
You didn't know any spells.
Your spell library was empty.

Dungeon Overview and Level Annotations

Branches:
Dungeon (4/15)
 Temple: D:4-7

Altars:
Zin

Shops:
D:4 }


Innate Abilities, Weirdness & Mutations

You have extremely sharp teeth.
Your natural rate of healing is unusually fast.
When hurt, damage is shared between your health and your magic reserves.
Your bite disrupts and absorbs the magic of your enemies.
Potions cannot restore your health.
You are immune to rotting.


Message History

You hit the iguana. You bite the iguana, but do no damage.
The iguana is lightly wounded.
You barely miss the iguana. You bite the iguana, but do no damage.
The iguana is lightly wounded.
The iguana bites you.
You hit the iguana but do no damage. Your bite misses the iguana.
The iguana is lightly wounded.
The iguana completely misses you.
You hit the iguana. You bite the iguana. You drain its power.
You feel invigorated.
The iguana is heavily wounded.
The iguana bites you!
You are too injured to fight recklessly!
You hit the iguana. You bite the iguana, but do no damage.
The iguana is heavily wounded.
The iguana bites you!
* * * LOW HITPOINT WARNING * * *
You hit the iguana. You bite the iguana. You drain its power.
You feel invigorated.
The iguana is severely wounded.
The iguana bites you!
You die...

### .. ##### (# ..
...#######.######
..#########.#............$
............l>...#....h...
#.#########@#.#.....###..#
# #.##..÷......#..#...# #
#.#.##.########.#....##
#.#.##.# #.##.#.# #......#
# ##)#.# #.#.#### #.#.#
####.#.# ...#
.......########
..............####
..#........[.....##.#
.......#####.P..≈....


You could see an iguana.

Vanquished Creatures
  A centaur skeleton (D:4)
  4 adders
  An ooze (D:3)
  An adder skeleton (D:4)
  3 worms
  3 dart slugs
  5 leopard geckos
  8 orcs
  5 giant cockroaches
  6 goblins
  A hobgoblin (D:2)
  7 jackals
  A quokka (D:2)
  A ball python zombie (D:4)
  10 bats
  3 frilled lizards
  9 kobolds
  2 quokka skeletons (D:4)
  3 quokka zombies (D:4)
  9 rats
83 creatures vanquished.

Notes
Turn   | Place    | Note
-------+----------+-------------------------------------------
     0 | D:1      | Colgate the Vine Stalker Assassin began the quest for the
                  | Orb.
     0 | D:1      | Reached XP level 1. HP: 11/11 MP: 2/2
    29 | D:1      | Reached skill level 5 in Stealth
   170 | D:1      | Reached XP level 2. HP: 12/15 MP: 3/3
   585 | D:1      | Reached skill level 6 in Stealth
   656 | D:1      | Reached XP level 3. HP: 18/18 MP: 4/4
   658 | D:1      | Upgraded the game from 0.25.0-26-g0c896c7088 to
                  | 0.25.0-33-gff14898491
  1422 | D:2      | Gained mutation: Your natural rate of healing is unusually
                  | fast. [Vine Stalker growth]
  1422 | D:2      | Reached XP level 4. HP: 23/23 MP: 5/5
  1712 | D:2      | Reached skill level 7 in Stealth
  2269 | D:3      | Reached XP level 5. HP: 26/26 MP: 4/6
  2770 | D:4      | Found Opsibym's Gadget Emporium.
  2797 | D:4      | Found Zin's Purification Station.
  2798 | D:4      | Found a glowing silver altar of Zin.
  2803 | D:4      | Bought a potion of curing for 90 gold pieces
  2844 | D:4      | Reached skill level 8 in Stealth
  2896 | D:4      | Slain by an iguana

Illustrated notes

Levels and vault maps discovered:
D:1:      dpeg_arrival_lava_temple_mockup, layout_basic
D:2:      minmay_door_path, layout_basic
D:3:      layout_loops_ring, first_ration
D:4:      layout_loops_ring, zin_purify, serial_undead, serial_undead_f,
          serial_undead_d, serial_undead_d, serial_undead_f, serial_shops,
          nicolae_shop_trees

Skill      XL: |  1  2  3  4  5 |
---------------+----------------+-----
Stealth        | 5 6 7 8 |  8.3
Throwing       | 2 |  2.0
Short Blades   | 2 |  2.0
Fighting       | |  1.7
Dodging        | |  0.7

Action                   |  1- 3 |  4- 6 || total
-------------------------+-------+-------++-------
Melee: Dagger            |    73 |   136 ||   209
       Bite              |    15 |    43 ||    58
Throw: Dart              |    29 |    11 ||    40
 Stab: Sleeping          |     8 |    20 ||    28
  Eat: Chunk             |     2 |     4 ||     6
Armor: Robe              |    28 |    20 ||    48
       Leather armour    |       |     8 ||     8
Dodge: Dodged            |    35 |    66 ||   101
